 Dungeon Crawl Stone Soup version 0.31.0-11-ge490571c62 (webtiles) character file.

Game seed: 5856842922112404594

88 qw the Shooter (level 4, -1/25 HPs)
             Began as a Deep Elf Hunter on Feb 4, 2024.
             Slain by an orc
             ... wielding a +1 dagger of distortion
              (5 damage)
             ... on level 3 of the Dungeon.
             The game lasted 00:00:06 (1517 turns).

qw the Shooter (Deep Elf Hunter)                    Turns: 1517, Time: 00:00:06

Health: -1/25      AC:  6    Str: 10    XL:     4   Next: 29%
Magic:  6/6        EV: 11    Int: 14    God:
Gold:   85         SH:  0    Dex: 18    Spells: 3/3 levels left

rFire   . . .        a - +1 shortbow
rCold   . . .        (shield currently unavailable)
rNeg    . . .        d - +0 ring mail
rPois   .            e - +0 helmet
rElec   .            (no cloak)
rCorr   .            (no gloves)
SInv    .            (no boots)
Will    +....        (no amulet)
Stlth   +            f - ring of willpower
HPRegen 0.24/turn    (no ring)
MPRegen 0.10/turn

%: no passive effects
@: no status effects
A: no striking features
a: no special abilities


You were on level 3 of the Dungeon.
You visited 1 branch of the dungeon, and saw 3 of its levels.

You collected 85 gold pieces.


   Skills:
 - Level 1.5 Fighting
 + Level 7.7 Ranged Weapons
 - Level 2.4 Dodging
 - Level 1.2 Stealth


You had 3 spell levels left.
You didn't know any spells.
Your spell library was empty.

Inventory:

Hand Weapons
 a - a +1 shortbow (weapon)
Armour
 d - a +0 ring mail (worn)
 e - a +0 helmet (worn)
Jewellery
 f - a ring of willpower (left hand)
Scrolls
 b - a scroll of teleportation {unknown}
Potions
 j - a potion of curing
 k - a potion of mutation

Dungeon Overview and Level Annotations

Branches:
Dungeon (3/15)

Altars:


Message History

You shoot an arrow. The arrow hits the giant cockroach.
You kill the giant cockroach!
There is an escape hatch in the floor here.
There is an escape hatch in the floor here.
Things that are here:
a +0 whip; a giant cockroach corpse A giant cockroach comes into view.
You shoot an arrow.
The arrow hits the giant cockroach but does no damage.
You shoot an arrow.
The arrow closely misses the giant cockroach.
You shoot an arrow. The arrow hits the giant cockroach.
You kill the giant cockroach!
A ball python comes into view.
You shoot an arrow. The arrow hits the ball python.
The ball python is heavily wounded.
A ball python is nearby!
You shoot an arrow. The arrow hits the ball python!
You kill the ball python! 2 orcs come into view.
An orc is wielding a +1 dagger of distortion.
The orc shouts!
An orc comes into view. It is wielding a +0 whip.
The orc moves out of view.
You shoot an arrow. The arrow hits the orc!
You kill the orc!
You shoot an arrow. The arrow closely misses the orc.
You shoot an arrow. The arrow barely misses the orc.
You shoot an arrow. The arrow hits the orc.
The orc is severely wounded.
The orc hits you with a +0 whip.
You shoot an arrow. The arrow completely misses the orc.
The orc completely misses you. The orc hits you but does no damage.
Space warps horribly around you!
Ouch! That really hurt!
You shoot an arrow. The arrow closely misses the orc.
The orc barely misses you.
The orc hits you with a +1 dagger of distortion.
Space warps around you.
You die...

#.# #.# #.# #.# #.# #.###
#################.#####....
#.......##oo............###
#.......##@# #.#.###.#
#..####.##.# ###.###
#..#.......# #......
#..#.##.#### #.#.##.
#.......# #.#..#. #.......#
#.##.#. ####.#### #.##.#.
#.## #..)>.. #..# ###.###


You could see 2 orcs.

Vanquished Creatures
  2 adders (D:2)
  A gnoll (D:1)
  A ribbon worm (D:2)
  An orc (D:3)
  3 endoplasms (D:1)
  2 giant cockroaches (D:3)
  4 goblins (D:1)
  6 hobgoblins
  7 jackals (D:1)
  4 quokkas
  6 ball pythons
  2 bats (D:2)
  2 frilled lizards (D:1)
  5 kobolds
  5 rats
51 creatures vanquished.

Notes
Turn   | Place    | Note
-------+----------+-------------------------------------------
     0 | D:1      | qw the Deep Elf Hunter began the quest for the Orb.
     0 | D:1      | Reached XP level 1. HP: 12/12 MP: 3/3
     0 | D:1      | 0 ||| qw: Version: 0.3-a-160-g6735b56
     0 | D:1      | 0 ||| qw: Game counter: 4741
     0 | D:1      | 0 ||| qw: Melee chars always use a shield: true
     0 | D:1      | 0 ||| qw: God list: Okawaru
     0 | D:1      | 0 ||| qw: Allow faded altars: false
     0 | D:1      | 0 ||| qw: Do Orc after clearing Dungeon:15 true
     0 | D:1      | 0 ||| qw: Do second Lair branch before Depths: true
     0 | D:1      | 0 ||| qw: Lair rune preference: random
     0 | D:1      | 0 ||| qw: Goals: Normal
     0 | D:1      | 0 ||| PLANNING D:1-11
   134 | D:1      | Reached skill level 6 in Ranged Weapons
   134 | D:1      | Reached XP level 2. HP: 16/16 MP: 4/4
   381 | D:1      | Reached XP level 3. HP: 19/20 MP: 5/5
   876 | D:1      | 876 ||| UPGRADING to +0 helmet.
   881 | D:1      | 881 ||| READING scroll labelled ZIYCOTS IPSUM.
   882 | D:1      | 882 ||| READING scroll labelled QOSCHI NUOWAMOTS.
   883 | D:1      | 883 ||| READING scroll labelled WUWORU GOPSASH.
   883 | D:1      | 883 ||| ENCHANTING +0 shortbow.
   884 | D:1      | 884 ||| READING scroll labelled KOF UKLOKH.
   885 | D:1      | 885 ||| READING scroll labelled ASMOALUICOLL.
   885 | D:1      | 885 ||| IDENTIFYING lumpy puce potion
   886 | D:1      | 886 ||| DROPPING scroll of butterflies.
   887 | D:1      | 887 ||| DROPPING potion of lignification.
   929 | D:2      | 929 ||| STAIRDANCE
   934 | D:2      | 934 ||| STAIRDANCE
   937 | D:1      | Reached skill level 7 in Ranged Weapons
  1109 | D:2      | Found a faded altar of an unknown god.
  1139 | D:2      | Reached XP level 4. HP: 25/25 MP: 6/6
  1358 | D:2      | 1358 ||| UPGRADING to +0 ring mail.
  1368 | D:2      | 1368 ||| DROPPING +0 leather armour.
  1369 | D:2      | 1369 ||| DROPPING scarf of harm.
  1370 | D:2      | 1370 ||| UPGRADING to ring of willpower.
  1371 | D:2      | 1371 ||| READING 3 scrolls of identify.
  1371 | D:2      | 1371 ||| IDENTIFYING sedimented coppery potion
  1372 | D:2      | 1372 ||| READING 2 scrolls of identify.
  1372 | D:2      | 1372 ||| IDENTIFYING fizzy yellow potion
  1373 | D:2      | 1373 ||| READING scroll of identify.
  1373 | D:2      | 1373 ||| IDENTIFYING green potion
  1374 | D:2      | 1374 ||| READING scroll labelled YGOCUL HUPTUZU.
  1375 | D:2      | 1375 ||| DROPPING potion of invisibility.
  1516 | D:3      | HP: 5/25 [orc/+1 dagger of distortion (17)]
  1517 | D:3      | Slain by an orc

Levels and vault maps discovered:
D:1:      dpeg_arrival_arbitrary_c, layout_basic, minmay_octomino_e4
D:2:      layout_rooms, chequers_ecumenical_altar_twisty
D:3:      layout_loops_cross, gammafunk_ghost_cemetery,
          minmay_fractal_squares_diagonal_5, uniq_jessica

Skill      XL: |  1  2  3 |
---------------+----------+-----
Ranged Weapons | 6 7 |  7.7
Fighting       | |  1.5
Dodging        | |  2.4
Stealth        | |  1.2

Action                     |  1- 3 |  4- 6 || total
---------------------------+-------+-------++-------
   Fire: Shortbow          |    89 |    27 ||   116
    Use: Scroll            |     5 |     4 ||     9
 Armour: Leather armour    |    21 |     3 ||    24
         Ring mail         |       |     3 ||     3
  Dodge: Dodged            |    41 |     4 ||    45

Table legend:
 A = Non-vault XP
 B = Vault XP
 C = Vault XP percentage of total XP
 D = Non-vault monster count
 E = Vault monster count
 F = Vault count percentage of total count
                 A         B        C        D         E       F
            +---------+---------+-------+---------+---------+-------
      Total |     122 |       4 |   3.2 |      49 |       2 |   3.9
            +---------+---------+-------+---------+---------+-------
        D:1 |      64 |       4 |   5.9 |      30 |       2 |   6.2
        D:2 |      47 |       0 |   0.0 |      13 |       0 |   0.0
        D:3 |      11 |       0 |   0.0 |       6 |       0 |   0.0
            +---------+---------+-------+---------+---------+-------
